 Dungeon Crawl Stone Soup version 0.28.0-49-g6dfe1f597d (webtiles) character file.

Game seed: 3218963134069760687

394 HatHat the Slasher (level 6, 0/54 (56) HPs)
             Began as a Minotaur Berserker on May 12, 2022.
             Was a Believer of Trog.
             Succumbed to a killer bee's poison
             ... on level 4 of the Dungeon.
             The game lasted 00:13:38 (2596 turns).

HatHat the Slasher (Minotaur Berserker)             Turns: 2596, Time: 00:13:39

HP:   0/54 (56)     AC: 13    Str: 23    XL:     6   Next: 52%
MP:   5/5           EV:  7    Int:  4    God:    Trog [**....]
Gold: 48            SH:  0    Dex: 10    Spells: 5/5 levels left

rFire   . . .      SeeInvis .   a - +0 falchion
rCold   . . .      Faith    .   (no shield)
rNeg    . . .      Spirit   .   e - +0 plate armour
rPois   .          Reflect  .   (helmet restricted)
rElec   .          Harm     .   (no cloak)
rCorr   .          Rampage  .   (no gloves)
Will    .....                   c - +0 pair of boots
Stlth   ..........              (no amulet)
HPRegen 0.18/turn               (no ring)
MPRegen 0.09/turn               (no ring)

@: lethally poisoned (0 -> -14), lightly drained
A: horns 2, retaliatory headbutt
a: Renounce Religion, Berserk, Trog's Hand


You were on level 4 of the Dungeon.
You worshipped Trog.
Trog was pleased with you.
You visited 1 branch of the dungeon, and saw 4 of its levels.

You collected 68 gold pieces.
You spent 20 gold pieces at shops.

Inventory:

Hand Weapons
 a - a +0 falchion (weapon)
 h - a +4 quarterstaff of chaos
Armour
 c - a +0 pair of boots (worn)
 e - a +0 plate armour (worn)
 f - a +1 chain mail of cold resistance
Scrolls
 d - a scroll of identify
 i - a scroll of summoning {unknown}
 j - a scroll of teleportation
Potions
 b - a potion of haste
 g - 3 potions of curing


   Skills:
 + Level 5.4 Fighting
 + Level 6.2 Long Blades
 + Level 4.4 Armour
 + Level 3.2 Dodging
 + Level 0.5 Stealth


You had 5 spell levels left.
You didn't know any spells.
Your spell library was empty.

Dungeon Overview and Level Annotations

Branches:
Dungeon (4/15)             Temple (0/1) D:4

Altars:
Xom

Shops:
D:3 *=(?:


Innate Abilities, Weirdness & Mutations

You have a pair of horns on your head.
You reflexively headbutt those who attack you in melee.


Message History

The killer bee barely misses you. The killer bee closely misses you.
You furiously retaliate!
You headbutt the killer bee. The killer bee stings you.
The killer bee closely misses you. You furiously retaliate!
You headbutt the killer bee!
The killer bee stings you but does no damage. x2
You slash the killer bee!
The killer bee is heavily wounded.
You feel sick.
The killer bee stings you but does no damage. x2
The killer bee completely misses you. The killer bee stings you.
The killer bee stings you but does no damage.
The killer bee barely misses you. You furiously retaliate!
You headbutt the killer bee, but do no damage.
You slash the killer bee!
The killer bee is almost dead.
You feel sick.
The killer bee stings you but does no damage. x2
The killer bee stings you.
The killer bee stings you but does no damage.
The killer bee stings you.
The killer bee stings you but does no damage.
You closely miss the killer bee. Your headbutt misses the killer bee.
The killer bee is almost dead.
You feel sick.
You are no longer poisoned.
The killer bee stings you but does no damage.
The killer bee barely misses you.
The killer bee stings you but does no damage.
The killer bee stings you.
* * * LOW HITPOINT WARNING * * *
The killer bee stings you.
* * * LOW HITPOINT WARNING * * *
You are poisoned.
The killer bee poisons you! The killer bee stings you.
* * * LOW HITPOINT WARNING * * *
You are more poisoned.
The killer bee poisons you!
You closely miss the killer bee.
The killer bee is almost dead.
You die...

# #.......# # ##.......#
#### #.......# # ...#
#.......# .. ...#
#.......# .. ...#
#.......### .# ...#
####'####.# ..### ...#
#....#...y#S.....
..#######...'...@yy.....
..##...##...#...y#......
......###'####...# ##.##
......#.....##...###
..##..#.###.#.......
..##..'.'>#.'.......
..##..#.###.#########
..##..#.....#
......###'###


You could see 4 killer bees and an adder.

Vanquished Creatures
  Pargi (D:3)
  4 crimson imps (D:3)
  Crazy Yiuf (D:3)
  Jessica (D:2)
  5 adders
  An adder skeleton (D:4)
  A dart slug (D:1)
  2 orcs (D:3)
  5 ball pythons
  3 endoplasms
  5 giant cockroaches
  8 goblins
  5 hobgoblins
  5 kobolds
  3 quokkas
  3 bats
  2 frilled lizards (D:2)
  5 rats
60 creatures vanquished.

Vanquished Creatures (others)
  2 endoplasms (D:2)
2 creatures vanquished.

Grand Total: 62 creatures vanquished

Notes
Turn   | Place    | Note
-------+----------+-------------------------------------------
     0 | D:1      | HatHat the Minotaur Berserker began the quest for the Orb.
     0 | D:1      | Reached XP level 1. HP: 19/19 MP: 0/0
   132 | D:1      | Reached XP level 2. HP: 26/27 MP: 1/1
   169 | D:1      | Reached skill level 4 in Long Blades
   527 | D:1      | Reached XP level 3. HP: 33/33 MP: 2/2
   712 | D:2      | Reached ** piety under Trog
   812 | D:2      | Noticed Jessica
   816 | D:2      | Killed Jessica
   817 | D:2      | Reached XP level 4. HP: 33/41 MP: 3/3
  1490 | D:3      | Found Nigul's Book Emporium.
  1552 | D:3      | Found Culac's General Store.
  1552 | D:3      | Found Ahaeryri's Jewellery Shoppe.
  1658 | D:3      | Found Biysabbi's Antique Weapon Emporium.
  1667 | D:3      | Noticed Pargi
  1674 | D:3      | Reached skill level 5 in Long Blades
  1677 | D:3      | Killed Pargi
  1678 | D:3      | Reached skill level 5 in Fighting
  1678 | D:3      | Reached XP level 5. HP: 35/48 MP: 4/4
  1744 | D:3      | Found a shimmering altar of Xom.
  1756 | D:3      | Reached XP level 6. HP: 50/56 MP: 5/5
  1782 | D:3      | Reached skill level 6 in Long Blades
  2043 | D:3      | Found a runed translucent door.
  2044 | D:3      | Noticed Crazy Yiuf
  2052 | D:3      | Killed Crazy Yiuf
  2380 | D:3      | Found Koidghost's Magic Scroll Boutique.
  2393 | D:3      | Bought a scroll of identify for 20 gold pieces
  2546 | D:4      | Found a staircase to the Ecumenical Temple.
  2596 | D:4      | Succumbed to a killer bee's poison

Illustrated notes

Levels and vault maps discovered:
D:1:      onia_arrival_pyramid, layout_loops_cross,
          minmay_misc_feat_secret_circle
D:2:      layout_loops_ring, lemuel_flame_loot_1, uniq_jessica
D:3:      layout_rooms, led_xom_imps, serial_shops, shop, shop_statue, shop,
          nicolae_diamond_shop, nicolae_shop_advertising_works
          [nicolae_subvault_shop_adworks], uniq_pargi, uniq_crazy_yiuf_cottage
D:4:      layout_gridville, minmay_temple_entry_glassed_door,
          gup_ossuary_entry_pyramid, uniq_natasha

Skill      XL: |  1  2  3  4  5  6 |
---------------+-------------------+-----
Fighting       | 4 5 |  5.4
Long Blades    | 4 5 6 |  6.2
Armour         | 3 4 |  4.4
Dodging        | 3 |  3.2
Stealth        | |  0.5

Action                   |  1- 3 |  4- 6 || total
-------------------------+-------+-------++-------
Melee: Falchion          |    43 |   112 ||   155
       Headbutt          |     7 |    13 ||    20
  Use: Scroll            |     4 |     2 ||     6
       Potion            |       |     5 ||     5
Armor: Leather armour    |     8 |       ||     8
       Plate armour      |       |   100 ||   100
       Chain mail        |       |     3 ||     3
Dodge: Dodged            |    45 |    63 ||   108
